 Dungeon Crawl Stone Soup version 0.29-a0-870-g2c972031a6 (webtiles) character file.

Game seed: 4377343053318042819

94 Nato the Insei (level 4, 0/43 HPs)
             Began as an Octopode Transmuter on July 17, 2022.
             Slain by a gnoll
             ... wielding a +0 spear
              (3 damage)
             ... on level 3 of the Dungeon.
             The game lasted 00:04:44 (2764 turns).

Nato the Insei (Octopode Transmuter)                Turns: 2764, Time: 00:04:45

Health: 0/43       AC: 22    Str: 11    XL:     4   Next: 63%
Magic:  6/7        EV:  2    Int: 15    God:
Gold:   126        SH:  0    Dex: 12    Spells: 4/7 levels left

rFire   . . .      SeeInvis .     - Unarmed
rCold   . . .      Faith    .   (no shield)
rNeg    . . .      Spirit   .   (helmet currently unavailable)
rPois   +          Reflect  .   (no amulet)
rElec   .          Harm     .   (no ring)
rCorr   .          Rampage  .   (no ring)
Will    .....      NoTele   +   (no ring)
Stlth   +.........              (no ring)
HPRegen 0.14/turn               (no ring)
MPRegen 0.10/turn               (no ring)
                                (no ring)
                                (no ring)

@: tree-form, wereblooded (expiring)
A: stationary, stasis, torment immunity, boosted hp, almost no armour,
(amphibious), 8 rings, (camouflage 1), (gelatinous body 1), (nimble swimmer 1),
(tentacles)
a: no special abilities


You were on level 3 of the Dungeon.
You were a tree.
You visited 1 branch of the dungeon, and saw 3 of its levels.

You collected 126 gold pieces.

Inventory:

Jewellery
 f - an amulet of guardian spirit
Scrolls
 b - 4 scrolls of teleportation {unknown}
 e - a scroll of fear {unknown}
 g - a scroll of brand weapon {unknown}
 h - a scroll of magic mapping {unknown}
 k - a scroll of identify {unknown}
 m - a scroll of enchant armour {unknown}
Potions
 a - a potion of lignification
 c - a potion of mutation {unknown}
 d - a potion of cancellation {unknown}
 i - a potion of might {unknown}
 j - a potion of ambrosia {unknown}
 l - a potion of heal wounds {unknown}


   Skills:
 + Level 2.1 Fighting
 + Level 2.8 Dodging
 + Level 3.5 Unarmed Combat
 - Level 2.0 Spellcasting
 * Level 3.0 Transmutations


You had 4 spell levels left.
You knew the following spells:

 Your Spells              Type           Power      Damage    Failure   Level
a - Beastly Appendage     Tmut           20%        N/A       6%          1
b - Wereblood             Tmut           10%        N/A       10%         2

Your spell library contained the following spells:

 Spells                   Type           Power      Damage    Failure   Level
 Spider Form              Tmut/Pois      6%         N/A       34%         3
 Ignite Poison            Fire/Tmut/Pois 4%         N/A       41%         3
 Conjure Flame            Conj/Fire      1%         6-21      54%         3
 Ice Form                 Ice/Tmut       6%         N/A       75%         4
 Sticky Flame             Conj/Fire      1%         2d3       91%         4


Dungeon Overview and Level Annotations

Branches:
Dungeon (3/15)

Altars:


Innate Abilities, Weirdness & Mutations

You are a tree.
Your roots penetrate the ground, keeping you stationary.
You cannot be teleported.
You are immune to unholy pain and torment.
Your maximum health is greatly increased.
You cannot wear most types of armour.
((You are amphibious.))
You can wear up to eight rings at the same time.
((Your skin changes colour to match your surroundings (Stealth+).))
((Your rubbery body absorbs attacks. (AC +1, EV +1)))
((You are camouflaged when in or above water. (Stealth+)))
((You have tentacles for arms and can constrict up to eight enemies at once.))


Message History

The gnoll hits you from afar with a +0 spear.
* * * LOW HITPOINT WARNING * * *
The gnoll attacks as you move away! The gnoll closely misses you.
Your transformation is almost over.
You hear the slow rusting of a drain very nearby.
The gnoll shouts!
The bat hits you.
* * * LOW HITPOINT WARNING * * *
The bat hits you.
* * * LOW HITPOINT WARNING * * *
Your tentacle spike disappears.
You turn into a tree.
Your roots penetrate the ground.
The bat hits you but does no damage. x2
You are too injured to fight recklessly!
You closely miss the bat. The bat hits you but does no damage.
You hit the bat.
You feel a bit better.
You kill the bat!
You hit the gnoll.
The gnoll is moderately wounded.
The gnoll hits you but does no damage. x2
You smack the gnoll!
You feel a bit better.
You kill the gnoll!
You creak as the wereblood boils in your veins!
The gnoll hits you from afar with a +0 spear.
* * * LOW HITPOINT WARNING * * *
You cannot move.
You cannot move.
You cannot move.
You cannot move.
You cannot move.
You cannot move.
There are monsters nearby!
Your primal bloodlust is almost over.
The gnoll hits you from afar with a +0 spear!
* * * LOW HITPOINT WARNING * * *
The gnoll hits you but does no damage.
You creak as the wereblood boils in your veins!
The gnoll hits you but does no damage.
The gnoll hits you from afar with a +0 spear.
You die...

.. .###### .....
#...######
#......... #gg.#
##g## #)# #♣#
#.#
######.######
#........>....
#..####..#.#####
#..#.# #.†#.#
#..#.######.##
..#.....#......<


You could see 3 gnolls.

Vanquished Creatures
  A gnoll (D:3)
  4 adders
  A worm (D:2)
  A dart slug (D:2)
  2 ball pythons
  6 endoplasms
  A giant cockroach (D:1)
  5 hobgoblins
  4 kobolds
  4 quokkas
  5 bats
  2 frilled lizards (D:1)
  3 goblins (D:2)
  6 rats
45 creatures vanquished.

Notes
Turn   | Place    | Note
-------+----------+-------------------------------------------
     0 | D:1      | Nato the Octopode Transmuter began the quest for the Orb.
     0 | D:1      | Reached XP level 1. HP: 13/13 MP: 3/3
   210 | D:1      | Found a faded altar of an unknown god.
   313 | D:1      | Reached XP level 2. HP: 15/18 MP: 3/5
  1393 | D:2      | Reached XP level 3. HP: 23/23 MP: 4/6
  2022 | D:2      | Reached XP level 4. HP: 16/29 MP: 5/7
  2624 | D:3      | Learned a level 2 spell: Wereblood
  2764 | D:3      | Slain by a gnoll

Illustrated notes

Levels and vault maps discovered:
D:1:      ncdulo_smallfort, layout_rooms, hellmonk_ecumenical_altar_zigzags,
          kennysheep_nondescript, chequers_serial_rivers_room_a,
          chequers_hall_statues_corner_a
D:2:      layout_loops_ring
D:3:      layout_loops_ring, lightli_temple_of_fire, portal_sewer_entry_d

Skill      XL: |  1  2  3  4 |
---------------+-------------+-----
Fighting       | 2 |  2.1
Transmutations | 3 |  3.0
Dodging        | |  2.8
Unarmed Combat | |  3.5
Spellcasting   | |  2.0

Action                   |  1- 3 |  4- 6 || total
-------------------------+-------+-------++-------
Melee: Unarmed           |    78 |    19 ||    97
       Tentacles         |    18 |     1 ||    19
       Constrict         |    20 |     3 ||    23
       Kick              |    16 |     2 ||    18
       Punch             |     3 |       ||     3
 Cast: Beastly Appendage |    28 |     4 ||    32
       Wereblood         |       |     1 ||     1
  Use: Potion            |       |     1 ||     1
 Stab: Sleeping          |     5 |       ||     5
Armor: Skin              |     5 |    11 ||    16
Dodge: Dodged            |    55 |    17 ||    72

Table legend: (Time is in decaauts)
 A = Elapsed time spent in this place.
 B = Non-inter-level travel time spent in this place.
 C = Inter-level travel time spent in this place.
 D = Time resting spent in this place.
 E = Time spent auto-exploring this place.
 F = Levels seen in this place.
 G = Mean time per level.
                   A        B        C        D        E       F      G
               +--------+--------+--------+--------+--------+-----+--------+
         Total |   2757 |   2624 |    133 |    299 |   2007 |   3 |  919.0 |
       Dungeon |   2757 |   2624 |    133 |    299 |   2007 |   3 |  919.0 |
               +--------+--------+--------+--------+--------+-----+--------+

Top non-repeatable levels by time:
     D:1: 1330 daAuts
     D:2: 1267 daAuts
     D:3: 159 daAuts
